 Dungeon Crawl Stone Soup version 0.22-a0-412-g2b68d14 (webtiles) character file.

19 galech the Magician (level 2, 0/20 HPs)
             Began as a Gnoll Wanderer on May 12, 2018.
             Slain by a hobgoblin
             ... wielding a +0 club
              (1 damage)
             ... on level 1 of the Dungeon.
             The game lasted 00:00:49 (304 turns).

galech the Magician (Gnoll Wanderer)                 Turns: 304, Time: 00:00:49

Health: 0/20       AC:  6    Str: 12    XL:     2   Next: 75%
Magic:  7/7        EV:  9    Int: 16    God:
Gold:   25         SH:  0    Dex: 14    Spells: 10/10 levels left

rFire    . . .     SeeInvis .   e - +0 dagger
rCold    + . .     Gourm    .   (no shield)
rNeg     . . .     Faith    .   b - +0 scale mail
rPois    .         Spirit   .   (no helmet)
rElec    .         Reflect  .   (no cloak)
rCorr    .         Harm     .   (no gloves)
MR       .....                  (no boots)
Stlth    ..........             a - amulet of regeneration
HPRegen  0.46/turn              i - ring of protection from cold
MPRegen  0.10/turn              (no ring)

@: no status effects
A: distributed training, fangs 1, strong nose
a: no special abilities


You were on level 1 of the Dungeon.
You were not hungry.

You visited 1 branch of the dungeon, and saw 1 of its levels.

You collected 25 gold pieces.

Inventory:

Hand Weapons
 e - a +0 dagger (weapon)
Armour
 b - a +0 scale mail (worn)
 d - a +0 robe
Jewellery
 a - an amulet of regeneration (around neck)
 i - a ring of protection from cold (left hand)
Scrolls
 g - a scroll of identify {unknown}
Potions
 h - a potion of lignification {unknown}
Comestibles
 c - 9 chunks of flesh
 f - 2 rations


   Skills:
 + Level 0.5 Fighting
 + Level 4.5 Short Blades
 + Level 0.5 Long Blades
 + Level 0.5 Axes
 + Level 0.5 Maces & Flails
 + Level 0.5 Polearms
 + Level 0.5 Staves
 + Level 0.5 Slings
 + Level 0.5 Bows
 + Level 0.5 Crossbows
 + Level 0.5 Throwing
 + Level 0.5 Armour
 + Level 2.5 Dodging
 + Level 0.5 Stealth
 + Level 0.5 Shields
 + Level 0.5 Unarmed Combat
 + Level 4.9 Spellcasting
 + Level 0.3 Conjurations
 + Level 3.7 Hexes
 + Level 0.3 Charms
 + Level 0.3 Summonings
 + Level 0.3 Necromancy
 + Level 0.3 Translocations
 + Level 2.0 Transmutations
 + Level 0.3 Fire Magic
 + Level 0.3 Ice Magic
 + Level 0.3 Air Magic
 + Level 0.3 Earth Magic
 + Level 0.3 Poison Magic
 + Level 0.6 Invocations
 + Level 4.5 Evocations


You had 10 spell levels left.
You didn't know any spells.
Your spell library contained the following spells:

 Spells                   Type           Power        Failure   Level  Hunger
 Confuse                  Hex            ###.....     47%         3    ###....
 Tukima's Dance           Hex            ###.....     47%         3    ###....
 Stone Arrow              Conj/Erth      #.....       91%         3    ###....
 Flame Tongue             Conj/Fire      #....        56%         1    None
 Ensorcelled Hibernation  Hex/Ice        ##....       47%         2    ##.....
 Corona                   Hex            ###....      19%         1    None
 Sandblast                Erth           #.....       56%         1    None
 Inner Flame              Hex/Fire       ##......     71%         3    ###....
 Dazzling Spray           Conj/Hex       ##....       71%         3    ###....


Dungeon Overview and Level Annotations

Branches:
Dungeon (1/15)

Altars:


Innate Abilities, Weirdness & Mutations

Your experience applies equally to all skills.
You have very sharp teeth.
Your uncanny sense of smell can sniff out nearby items.


Message History

You are too injured to fight recklessly!
You are too injured to fight recklessly!
You are too injured to fight recklessly!
You are too injured to fight recklessly!
You are too injured to fight recklessly!
You are too injured to fight recklessly!
You are too injured to fight recklessly!
Your scale mail prevents you from hitting the hobgoblin.
The hobgoblin hits you but does no damage.
The hobgoblin barely misses you.
You hit the hobgoblin.
The hobgoblin is moderately wounded.
The hobgoblin hits you with a club.
* * * LOW HITPOINT WARNING * * *
You hit the hobgoblin but do no damage.
The hobgoblin is moderately wounded.
The hobgoblin hits you with a club.
* * * LOW HITPOINT WARNING * * *
The hobgoblin hits you with a club.
You die...

. #####..#....##.....# #.
##.....##..#####.#.#.
#.##...[...#.## #..>....
#........(...####.#.#.#.
###...........#..........
#.g.....†.......####.#.#.
#.##...........## #......
#...g.?...### ##.#.#.
#....@....# #.....#
#.....g...# ##.#.##
#.........# #......
#.........# ##.#.#.
#.........# #......
##.......## ##.#.#.
##.....## #...... #######
##.#.#. #......


You could see 3 hobgoblins.

Vanquished Creatures
  An ooze (D:1)
  A leopard gecko (D:1)
  3 bats (D:1)
  A giant cockroach (D:1)
  A goblin (D:1)
  2 hobgoblins (D:1)
  A jackal (D:1)
  A frilled lizard (D:1)
  3 rats (D:1)
14 creatures vanquished.

Notes
Turn   | Place    | Note
-------+----------+-------------------------------------------
     0 | D:1      | galech the Gnoll Wanderer began the quest for the Orb.
     0 | D:1      | galech set off with: a +0 robe, a +0 dagger, a ration
     0 | D:1      | Reached XP level 1. HP: 13/13 MP: 6/6
   146 | D:1      | Reached XP level 2. HP: 17/19 MP: 7/7
   304 | D:1      | HP: 1/20 [hobgoblin/club (4)]
   304 | D:1      | Slain by a hobgoblin

Vault maps used:
D:1:      dpeg_arrival_pits, nrook_uturn, st_stairs_13

Skill      XL: |  1 |
---------------+----+-----
Transmutations | 2 |  2.0
Fighting       | |  0.5
Short Blades   | |  4.5
Long Blades    | |  0.5
Axes           | |  0.5
Maces & Flails | |  0.5
Polearms       | |  0.5
Staves         | |  0.5
Slings         | |  0.5
Bows           | |  0.5
Crossbows      | |  0.5
Throwing       | |  0.5
Armour         | |  0.5
Dodging        | |  2.5
Stealth        | |  0.5
Shields        | |  0.5
Unarmed Combat | |  0.5
Spellcasting   | |  4.9
Conjurations   | |  0.3
Hexes          | |  3.7
Charms         | |  0.3
Summonings     | |  0.3
Necromancy     | |  0.3
Translocations | |  0.3
Fire Magic     | |  0.3
Ice Magic      | |  0.3
Air Magic      | |  0.3
Earth Magic    | |  0.3
Poison Magic   | |  0.3
Invocations    | |  0.6
Evocations     | |  4.5

Action                   || total
-------------------------++-------
Melee: Dagger            ||    68
       Bite              ||     3
Armor: Scale mail        ||    25
Dodge: Dodged            ||    28

Table legend:
 A = Spawn XP
 B = Non-spawn XP
 C = Spawn XP percentage of total XP
 D = Spawn monster count
 E = Non-spawn monster count
 F = Spawn count percentage of total count
 G = Total turns spent on level
                    A         B        C        D         E        F      G
               +---------+---------+-------+---------+---------+-------+---------
         Total |       0 |      28 |   0.0 |       0 |      14 |   0.0 |   304
               +---------+---------+-------+---------+---------+-------+---------
           D:1 |       0 |      28 |   0.0 |       0 |      14 |   0.0 |   304
               +---------+---------+-------+---------+---------+-------+---------
